[Event "Team 45 45 League T76"]
[Site "Internet Chess Club"]
[Date "2018.04.16"]
[Round "4"]
[White "walkover"]
[Black "bennywins"]
[Result "1-0"]
[WhiteElo "1719"]
[BlackElo "1588"]
[Opening "QGD semi-Slav: 5.e3"]
[ECO "D45"]
[Time "12:01:00"]
[TimeControl "2700+45"]

1. d4 d5 2. c4 c6 3. Nf3 Nf6 4. Nc3 e6 5. e3 Bb4 6. Bd3 Ne4 7. Qc2 Nxc3 8. bxc3
Bd6 9. O-O h5 10. e4 O-O 11. Re1 f5 12. exf5 exf5 13. Bg5 Qc7 14. c5 Bf4 15. Re7
Qd8 16. Rxg7+ Kxg7 17. Bxd8 Rxd8 {Black resigns} 1-0

[Event "Team 45 45 League T76"]
[Site "Internet Chess Club"]
[Date "2018.04.15"]
[Round "4"]
[White "KidRattler"]
[Black "rubo"]
[Result "0-1"]
[WhiteElo "1592"]
[BlackElo "1608"]
[Opening "Two knights defense"]
[ECO "C56"]
[Time "18:12:14"]
[TimeControl "2700+45"]

1. e4 e5 2. Nf3 Nc6 3. Bc4 Nf6 4. d4 exd4 5. O-O Nxe4 6. Re1 d5 7. Bxd5 Qxd5 8.
Nc3 Qa5 9. Nxe4 Be6 10. Bg5 h6 11. Bh4 g5 12. Bxg5 hxg5 13. Nexg5 Bd6 14. Nxe6
fxe6 15. Rxe6+ Kd7 16. Qe2 Qh5 17. Kf1 Bxh2 18. Re1 Bd6 19. Ng1 Qxe2+ 20. R1xe2
Rh1 21. g3 Rah8 22. Rf6 Ne5 23. Rf5 Ke6 24. g4 Rg8 25. Kg2 Rxg1+ 26. Kxg1 Rxg4+
27. Kh2 Kxf5 28. Rxe5+ Bxe5+ 29. Kh3 Kf4 30. f3 Kxf3 31. a4 Bg3 32. c3 Rh4#
{White checkmated} 0-1

[Event "Team 45 45 League T76"]
[Site "Internet Chess Club"]
[Date "2018.04.16"]
[Round "4"]
[White "stanbeers"]
[Black "g8wrb"]
[Result "1/2-1/2"]
[WhiteElo "1416"]
[BlackElo "1303"]
[Opening "Nimzo-Indian: classical variation"]
[ECO "E32"]
[Time "10:19:27"]
[TimeControl "2700+45"]

1. d4 e6 2. c4 Nf6 3. Nc3 Bb4 4. Qc2 O-O 5. Nf3 d5 6. cxd5 exd5 7. e3 Bg4 8. Be2
Re8 9. O-O Nc6 10. Ne5 Nxe5 11. dxe5 Rxe5 12. Bxg4 Nxg4 13. h3 Nf6 14. Bd2 a6
15. Ne2 Bxd2 16. Qxd2 Qd6 17. Nd4 c5 18. Nf3 Re7 19. Nh4 Qe6 20. Rac1 Rc8 21. b3
Rec7 22. Nf3 h6 23. Rfe1 Ne4 24. Qb2 Qf6 25. Qe2 Re8 26. Qd3 Rd8 27. Re2 Qe6 28.
Rec2 Rdc8 29. Nd4 Qb6 30. Nf3 Qe6 31. Nd4 Qd6 32. Nf3 b5 33. Nd2 Nxd2 34. Rxd2
Rd8 35. Rdc2 {Game drawn by mutual agreement} 1/2-1/2

[Event "Team 45 45 League T76"]
[Site "Internet Chess Club"]
[Date "2018.04.14"]
[Round "4"]
[White "SeniorCitizen"]
[Black "Just-Jim"]
[Result "1-0"]
[WhiteElo "1273"]
[BlackElo "1123"]
[Opening "King's pawn game"]
[ECO "C21"]
[Time "13:00:56"]
[TimeControl "2700+45"]

1. e4 e5 2. d4 h6 3. Nf3 d6 4. dxe5 Qe7 5. Nc3 dxe5 6. Bc4 c6 7. O-O Qf6 8. Qe2
Bg4 9. Be3 Bxf3 10. Qxf3 Qxf3 11. gxf3 b5 12. Bd3 f6 13. f4 exf4 14. Bxf4 Nd7
15. Rad1 Bc5 16. e5 Ne7 17. e6 Ne5 18. Bxe5 fxe5 19. Be4 O-O 20. Nxb5 Rf4 21.
Bg2 Rb8 22. Nc3 Rg4 23. b3 Nf5 24. Rd2 Bb4 25. Rd3 Nh4 26. Rg3 Rxg3 27. fxg3
Nxg2 28. Kxg2 Bxc3 29. Rd1 Bb4 30. Rd7 Re8 31. Rxa7 Rxe6 32. Rd7 e4 33. Kf2 e3+
34. Ke2 Bc5 35. Rd3 g5 36. c3 Kg7 37. b4 Bb6 38. c4 Re4 39. c5 Bc7 40. Rd7+ Kf6
41. Rxc7 Ke5 42. Re7+ Kd5 43. Rxe4 Kxe4 44. a4 Kd4 45. a5 Kc4 46. a6 Kxb4 47. a7
{Black resigns} 1-0

[Event "Team 45 45 League T76"]
[Site "Internet Chess Club"]
[Date "2018.04.15"]
[Round "4"]
[White "kutch"]
[Black "cpic2363"]
[Result "0-1"]
[WhiteElo "1502"]
[BlackElo "1473"]
[Opening "QGD: Charousek (Petrosian) variation"]
[ECO "D31"]
[Time "18:03:55"]
[TimeControl "2700+45"]

1. d4 d5 2. c4 e6 3. Nc3 Be7 4. Bf4 Nf6 5. e3 O-O 6. Nf3 b6 7. cxd5 Nxd5 8. Nxd5
exd5 9. Bd3 Nd7 10. O-O c5 11. dxc5 Nxc5 12. Bc2 Ba6 13. Re1 Ne4 14. a3 Rc8 15.
Rc1 Bf6 16. Nd4 Bh4 17. Bxe4 dxe4 18. Nc6 Qf6 19. Nb4 Qxb2 20. Nxa6 Bxf2+ 21.
Kf1 Bxe1 22. Qe2 Qxc1 23. Qxe1 Qxe1+ 24. Kxe1 Rc2 25. Nb4 Rxg2 26. Nc6 f6 27.
Bc7 Kf7 28. Nxa7 Ra8 29. Nb5 Kg6 30. Kf1 Rb2 31. Nc3 Rxa3 32. Nxe4 Ra1# {White
checkmated} 0-1

[Event "Team 45 45 League T76"]
[Site "Internet Chess Club"]
[Date "2018.04.11"]
[Round "4"]
[White "sdcohle"]
[Black "Kingofknights"]
[Result "0-1"]
[WhiteElo "1350"]
[BlackElo "1472"]
[Opening "Queen's bishop game"]
[ECO "A45"]
[Time "21:00:14"]
[TimeControl "2700+45"]

1. d4 Nf6 2. Bf4 d5 3. Nf3 c5 4. e3 Nc6 5. h3 Bf5 6. a3 cxd4 7. exd4 e6 8. Bd3
Bxd3 9. Qxd3 Be7 10. O-O O-O 11. Nbd2 h6 12. Rfe1 Nd7 13. b4 Nb6 14. b5 Na5 15.
a4 Rc8 16. Nb3 Nbc4 17. Ra2 Bb4 18. Rd1 Qf6 19. Be5 Nxe5 20. Nxe5 Rfd8 21. Nf3
Rc3 22. Qe2 Nxb3 23. cxb3 Rxb3 24. Qc2 Rc3 25. Qb2 Ba5 26. Qe2 Rdc8 27. Rb2 Qg6
28. Ne5 Qg5 29. Kh2 Qf4+ 30. g3 Qf5 31. Ng4 Rc2 32. Rxc2 Rxc2 33. Qf1 h5 34. Ne3
Rxf2+ {White resigns} 0-1

[Event "Team 45 45 League T76"]
[Site "Internet Chess Club"]
[Date "2018.04.13"]
[Round "4"]
[White "smsxman"]
[Black "Aquaman"]
[Result "1-0"]
[WhiteElo "1323"]
[BlackElo "1256"]
[Opening "Sicilian: closed, 2...Nc6"]
[ECO "B23"]
[Time "21:29:05"]
[TimeControl "2700+45"]

1. e4 c5 2. Nc3 Nc6 3. Nf3 g6 4. Bc4 e6 5. O-O Bg7 6. Re1 d6 7. Bb5 a6 8. Bxc6+
bxc6 9. d4 cxd4 10. Nxd4 Bb7 11. Be3 Ne7 12. Nf3 O-O 13. Na4 Nc8 14. c3 c5 15.
Bg5 f6 16. Bh4 Qa5 17. b3 Qc7 18. Rb1 Bc6 19. Nb2 f5 20. exf5 Rxf5 21. Ng5 Bd7
22. Nxe6 Bxe6 23. Rxe6 Bxc3 24. Re8+ Rf8 25. Rxf8+ Kxf8 26. Qf3+ Qf7 27. Qxa8
Qd7 28. Qf3+ Qf5 29. Qxf5+ gxf5 30. Nc4 d5 31. Ne3 d4 32. Nxf5 Kf7 33. Bg3 Kg6
34. Nh4+ Kf6 35. Nf3 Kf5 36. Rd1 Nd6 37. Bxd6 {Black resigns} 1-0

[Event "Team 45 45 League T76"]
[Site "Internet Chess Club"]
[Date "2018.04.15"]
[Round "4"]
[White "noblitz-oblige"]
[Black "idjit"]
[Result "1-0"]
[WhiteElo "1529"]
[BlackElo "1517"]
[Opening "French: exchange variation"]
[ECO "C01"]
[Time "11:41:12"]
[TimeControl "2700+45"]

1. e4 e6 2. d4 d5 3. exd5 exd5 4. Nf3 Be7 5. h3 Nf6 6. Bd3 Nc6 7. Nc3 O-O 8. O-O
h6 9. Bf4 Be6 10. Re1 Nh5 11. Bh2 Bd6 12. Ne5 Qg5 13. Nxc6 bxc6 14. Kh1 Bxh2 15.
Kxh2 Nf4 16. Bf1 Rab8 17. b3 Rfe8 18. Qf3 Qf6 19. g3 Ng6 20. Qxf6 gxf6 21. Bd3
Kg7 22. Re3 Bd7 23. Rae1 Rxe3 24. Rxe3 Re8 25. Rxe8 Bxe8 26. Na4 Ne7 27. Nc5 f5
28. Na6 {Black resigns} 1-0

[Event "Team 45 45 League T76"]
[Site "Internet Chess Club"]
[Date "2018.04.14"]
[Round "4"]
[White "Pawnchain"]
[Black "chesskix"]
[Result "1/2-1/2"]
[WhiteElo "1390"]
[BlackElo "1396"]
[Opening "Sicilian: Grand Prix attack"]
[ECO "B23"]
[Time "13:01:13"]
[TimeControl "2700+45"]

1. e4 c5 2. Nc3 Nc6 3. f4 e5 4. Nf3 exf4 5. d3 Bd6 6. Bd2 a6 7. Qe2 Qe7 8. Nd5
Qe6 9. Ng5 Qg6 10. Nf3 Bb8 11. Qf2 Bd6 12. Be2 Nge7 13. Nh4 Qe6 14. Nxf4 Qe5 15.
O-O Qxb2 16. Nd5 O-O 17. Bc3 Qxc2 18. Rfc1 Qa4 19. Nb6 Qb5 20. Nxa8 c4 21. dxc4
Qg5 22. Nf3 Qg6 23. Bd3 Ba3 24. Rd1 d6 25. Qe2 Bc5+ 26. Kh1 Bg4 27. Nc7 Qh5 28.
Nd5 Ng6 29. Rf1 Nge5 30. Bxe5 Nxe5 31. Nf4 Qh6 32. Nd5 Qh5 33. Nf4 Qh6 34. Nd5
Qh5 35. Qd1 Ng6 36. Be2 Qh6 37. Ng1 Be6 38. Rb1 Bxd5 39. exd5 b6 40. Nf3 f6 41.
Bd3 {Game drawn by mutual agreement} 1/2-1/2

[Event "Team 45 45 League T76"]
[Site "Internet Chess Club"]
[Date "2018.04.16"]
[Round "4"]
[White "OGO"]
[Black "liujf"]
[Result "0-1"]
[WhiteElo "1357"]
[BlackElo "1633"]
[Opening "King's Indian, 3.Nf3"]
[ECO "E60"]
[Time "13:01:28"]
[TimeControl "2700+45"]

1. d4 Nf6 2. c4 g6 3. Nf3 Bg7 4. e3 O-O 5. Bd3 d6 6. h3 Nc6 7. Bd2 e5 8. Qc2 Re8
9. O-O e4 10. d5 exd3 11. Qxd3 Ne5 12. Nxe5 Rxe5 13. Bc3 Re8 14. Nd2 Bf5 15. Qe2
Ne4 16. Bxg7 Nxd2 17. Qxd2 Kxg7 18. Rad1 Qg5 {White resigns} 0-1

[Event "Team 45 45 League T76"]
[Site "Internet Chess Club"]
[Date "2018.04.15"]
[Round "4"]
[White "oldprez1"]
[Black "kingsrook"]
[Result "1-0"]
[WhiteElo "1260"]
[BlackElo "1178"]
[Opening "English: Sicilian reversed"]
[ECO "A25"]
[Time "14:27:50"]
[TimeControl "2700+45"]

1. c4 e5 2. Nc3 Nc6 3. g3 f5 4. e3 d5 5. Bg2 Nf6 6. cxd5 Nb4 7. d3 Nfxd5 8. Nge2
c6 9. O-O Nxc3 10. Nxc3 Nxd3 11. Qb3 Qe7 12. Ne2 Be6 13. Qxd3 Rd8 14. Qc3 Qd6
15. b3 Qd3 16. Qxd3 Rxd3 17. Bb2 Rd2 18. Bxe5 Rxe2 19. Rfd1 Kf7 20. Bf3 Rc2 21.
Bh5+ Kg8 22. Rd8 Bf7 23. Bd6 g6 24. Rxf8+ Kg7 25. Rxh8 Kxh8 26. Bf3 Kg8 27. Bb8
a6 28. Bd1 Rd2 29. a3 Bd5 30. b4 Bc4 31. Bc7 Rd7 32. Bb6 Rd3 33. Be2 Rc3 34.
Bxc4+ Rxc4 35. Rd1 Rc3 36. a4 Rb3 37. Bc5 b6 38. Bxb6 Rxb4 39. a5 Rb5 40. Rc1
{Black forfeits on time} 1-0

[Event "Team 45 45 League T76"]
[Site "Internet Chess Club"]
[Date "2018.04.14"]
[Round "4"]
[White "kllrchris"]
[Black "Packerfan"]
[Result "1-0"]
[WhiteElo "1696"]
[BlackElo "1689"]
[Opening "Giuoco Piano"]
[ECO "C50"]
[Time "14:33:53"]
[TimeControl "2700+45"]

1. e4 e5 2. Nf3 Nc6 3. Bc4 Bc5 4. O-O Nf6 5. d3 d6 6. c3 h6 7. Nbd2 O-O 8. Bb3
Be6 9. Bc2 a6 10. h3 d5 11. exd5 Nxd5 12. Ne4 Ba7 13. Re1 f6 14. Ng3 Qd7 15. d4
exd4 16. Qd3 f5 17. Nh4 Nce7 18. a3 dxc3 19. bxc3 Rad8 20. c4 Nf6 21. Qxd7 Bxd7
22. Rxe7 Bc5 23. Re1 f4 24. Bxf4 Bc6 25. Be3 Bxe3 26. Rxe3 Rd2 27. Bf5 Rfd8 28.
Rae1 Rb2 29. Ng6 Rdd2 30. R1e2 Ra2 31. Rxd2 Rxd2 32. Ne7+ Kf8 33. Nxc6 bxc6 34.
Bg6 Rd4 35. Nf5 Rf4 36. g3 Rxc4 37. Re7 Rc5 38. Rf7+ Kg8 39. Ne7+ Kh8 40. Rf8+
Ng8 41. Rxg8# {Black checkmated} 1-0

[Event "Team 45 45 League T76"]
[Site "Internet Chess Club"]
[Date "2018.04.16"]
[Round "4"]
[White "JohLeb"]
[Black "Electryon"]
[Result "1-0"]
[WhiteElo "1623"]
[BlackElo "1494"]
[Opening "QGD semi-Slav: Meran, 8...a6"]
[ECO "D48"]
[Time "11:03:35"]
[TimeControl "2700+45"]

1. d4 d5 2. c4 e6 3. Nc3 Nf6 4. Nf3 Nbd7 5. e3 c6 6. Bd3 dxc4 7. Bxc4 b5 8. Bd3
a6 9. Qc2 c5 10. a4 cxd4 11. exd4 b4 12. Ne4 a5 13. Bb5 Nxe4 14. Qxe4 Ba6 15.
Bxd7+ Kxd7 16. Ne5+ Ke8 17. Qc6+ Ke7 18. Qf3 f6 19. Nc6+ {Black resigns} 1-0

[Event "Team 45 45 League T76"]
[Site "Internet Chess Club"]
[Date "2018.04.12"]
[Round "4"]
[White "tryanything"]
[Black "Scorpius"]
[Result "1-0"]
[WhiteElo "1530"]
[BlackElo "1316"]
[Opening "Petrov: Cozio (Lasker) attack"]
[ECO "C42"]
[Time "18:57:07"]
[TimeControl "2700+45"]

1. e4 e5 2. Nf3 Nf6 3. Nxe5 d6 4. Nf3 Nxe4 5. Qe2 Qe7 6. d3 Nf6 7. Qxe7+ Bxe7 8.
Nc3 Nc6 9. a3 O-O 10. g3 Re8 11. Bg2 Bf8+ 12. Be3 d5 13. Kd2 Bg4 14. Nd4 Nxd4
15. Bxd4 c5 16. Bxf6 gxf6 17. Bxd5 Rad8 18. Rae1 Re5 19. Rxe5 fxe5 20. Ne4 Bf3
21. Nf6+ Kg7 22. Bxf3 Kxf6 23. c4 Bh6+ 24. Kc3 a6 25. Bxb7 Ke6 26. Re1 a5 27. f4
Bg7 28. Bd5+ Kf5 29. fxe5 Bxe5+ 30. Kc2 f6 31. Be4+ Kg4 32. a4 Rb8 33. b3 h5 34.
Re2 Rg8 35. Rf2 h4 36. Bf5+ Kg5 37. g4 Bd4 38. Rf3 Re8 39. Kd2 Rb8 40. Kc2 Re8
41. Be4 Kxg4 42. h3+ Kg5 43. Rf5+ Kg6 44. Re5+ Kf7 45. Bg6+ Kg7 46. Rxe8 Kxg6
47. Ra8 f5 48. Kd2 Kg5 49. Ke2 Kf4 50. Rxa5 Kg3 51. Kf1 Kxh3 52. Ra8 Kg3 53. a5
h3 54. Ra7 h2 55. Rh7 f4 56. a6 {Black resigns} 1-0

[Event "Team 45 45 League T76"]
[Site "Internet Chess Club"]
[Date "2018.04.15"]
[Round "4"]
[White "calsal"]
[Black "Heian"]
[Result "1-0"]
[WhiteElo "1744"]
[BlackElo "1619"]
[Opening "Petrov: Italian variation"]
[ECO "C24"]
[Time "13:16:25"]
[TimeControl "2700+45"]

1. e4 e5 2. Bc4 Nf6 3. Nf3 Bc5 4. Nxe5 O-O 5. d4 Bb6 6. Nxf7 Rxf7 7. Bxf7+ Kxf7
8. e5 Ne8 9. Qh5+ Kg8 10. Bg5 Nf6 11. exf6 Qf8 12. O-O Qf7 13. Qh4 Nc6 14. c3 d6
15. Re1 h6 16. fxg7 Kxg7 17. Qxh6+ Kg8 18. Bf6 Qd7 19. Qh8+ Kf7 20. Qg7# {Black
checkmated} 1-0

[Event "Team 45 45 League T76"]
[Site "Internet Chess Club"]
[Date "2018.04.13"]
[Round "4"]
[White "QuieroAprender"]
[Black "SirIvanhoe"]
[Result "1-0"]
[WhiteElo "1507"]
[BlackElo "1576"]
[Opening "Caro-Kann: advance variation"]
[ECO "B12"]
[Time "20:34:14"]
[TimeControl "2700+45"]

1. e4 c6 2. d4 d5 3. e5 Bf5 4. Nf3 e6 5. Bd3 c5 6. Bxf5 exf5 7. c3 c4 8. O-O g6
9. Re1 Nc6 10. Bg5 Be7 11. h4 h6 12. Bxe7 Qxe7 13. b4 Qe6 14. Na3 Nge7 15. Nb5
O-O-O 16. a4 a6 17. Nd6+ Kc7 18. b5 Na5 19. Rb1 Nb3 20. Rxb3 cxb3 21. Qxb3 Rxd6
22. exd6+ Qxd6 23. Ne5 Rf8 24. c4 g5 25. c5 Qd8 26. bxa6 Kb8 27. Qxb7# {Black
checkmated} 1-0

[Event "Team 45 45 League T76"]
[Site "Internet Chess Club"]
[Date "2018.04.15"]
[Round "4"]
[White "Chess4Him"]
[Black "Hectormercado"]
[Result "1-0"]
[WhiteElo "1556"]
[BlackElo "1475"]
[Opening "Queen's pawn, Mason variation"]
[ECO "D00"]
[Time "21:00:46"]
[TimeControl "2700+45"]

1. d4 d5 2. Bf4 e6 3. Nf3 Nf6 4. e3 Be7 5. Nbd2 Bd7 6. c3 O-O 7. Bd3 Na6 8. b4
Nb8 9. a4 b6 10. Ne5 Be8 11. Qf3 Nbd7 12. Nc6 Ne5 13. Nxe5 {Black resigns} 1-0

[Event "Team 45 45 League T76"]
[Site "Internet Chess Club"]
[Date "2018.04.15"]
[Round "4"]
[White "drsigmund1"]
[Black "BrerRabbit"]
[Result "1/2-1/2"]
[WhiteElo "1529"]
[BlackElo "1457"]
[Opening "Queen's pawn: London system"]
[ECO "A45"]
[Time "14:04:31"]
[TimeControl "2700+45"]

1. d4 Nf6 2. Bf4 d6 3. e3 Bf5 4. Nf3 h6 5. h3 Nbd7 6. Be2 e6 7. Nbd2 Be7 8. O-O
Ne4 9. c3 Nxd2 10. Nxd2 c6 11. e4 Bg6 12. Bf3 O-O 13. Re1 e5 14. Be3 Bg5 15.
Bxg5 Qxg5 16. Nc4 Qe7 17. Qb3 b5 18. Na5 Nf6 19. Nxc6 Qb7 20. d5 a6 21. Qc2 Nxd5
22. Qd2 Qxc6 23. exd5 Qd7 24. Qe3 Rfc8 25. Be2 Rc5 26. Rad1 Rac8 27. Qd2 Qb7 28.
f3 f6 29. Bf1 Bf7 30. Re3 Rxd5 31. Rd3 Rxd3 32. Bxd3 Bxa2 33. Be4 Qc7 34. Qxd6
Qxd6 35. Rxd6 a5 36. Ra6 a4 37. Ra8 {Game drawn by mutual agreement} 1/2-1/2

[Event "Team 45 45 League T76"]
[Site "Internet Chess Club"]
[Date "2018.04.12"]
[Round "4"]
[White "fireball"]
[Black "drsigmund1"]
[Result "1/2-1/2"]
[WhiteElo "1590"]
[BlackElo "1533"]
[Opening "French: Tarrasch, closed variation"]
[ECO "C05"]
[Time "20:01:22"]
[TimeControl "2700+45"]

1. e4 e6 2. d4 d5 3. Nd2 Nf6 4. e5 Nfd7 5. f4 c5 6. c3 Nc6 7. Ngf3 Qb6 8. Qb3
cxd4 9. Qxb6 Nxb6 10. cxd4 Be7 11. a3 O-O 12. Bd3 f6 13. b4 fxe5 14. fxe5 Bd7
15. O-O Na4 16. Nb3 a6 17. Nc5 Nxc5 18. bxc5 Rxf3 19. Rxf3 Nxd4 20. Rg3 Bxc5 21.
Kh1 Rf8 22. Be3 Nb3 23. Rb1 Bxe3 24. Rxb3 Bf4 25. Rf3 Bc6 26. Rb6 Bxe5 {Game
drawn by mutual agreement} 1/2-1/2

[Event "Team 45 45 League T76"]
[Site "Internet Chess Club"]
[Date "2018.04.13"]
[Round "4"]
[White "Ludlow"]
[Black "Gilguli"]
[Result "1-0"]
[WhiteElo "1403"]
[BlackElo "1376"]
[Opening "Queen's pawn, Mason variation"]
[ECO "D00"]
[Time "07:00:57"]
[TimeControl "2700+45"]

1. d4 d5 2. Bf4 Nf6 3. e3 Nc6 4. Bd3 Bg4 5. Nf3 Nh5 6. Bg3 Nxg3 7. hxg3 e5 8.
Be2 exd4 9. Nxd4 Bxe2 10. Qxe2 Nxd4 11. exd4+ Qe7 12. Qxe7+ Bxe7 13. Nd2 O-O-O
14. O-O-O h6 15. Nf3 Bf6 16. Ne5 Bxe5 17. dxe5 Rhe8 18. f4 Re6 19. g4 Rg6 20.
Rh4 d4 21. f5 Rc6 22. Rh3 Rd5 23. Rhd3 Rxe5 24. Rxd4 Rd6 25. Rxd6 cxd6 26. Rxd6
Re4 27. g3 Rxg4 28. Rd3 Rg5 29. Rf3 Kd7 30. Kd2 Ke7 31. c4 Kf6 32. Ra3 a6 33.
Rb3 Rxf5 34. Rxb7 Rf2+ 35. Kd3 Rf3+ 36. Kd4 Kg5 37. c5 Rf6 38. Rb6 Rf1 39. c6
Rd1+ 40. Kc5 Kg4 41. Rb3 Rd8 42. c7 Re8 43. Kc6 f5 44. Kb7 Re7 45. Kb8 Re8+ 46.
Kb7 Re7 47. Kb8 Re8+ 48. c8=Q Rxc8+ 49. Kxc8 g5 50. Kb7 f4 51. gxf4 Kxf4 52.
Kxa6 g4 53. Rc3 g3 54. b4 h5 55. b5 g2 56. Rc1 h4 57. b6 h3 58. b7 h2 59. b8=Q+
Kf3 60. Qxh2 {Black resigns} 1-0

[Event "Team 45 45 League T76"]
[Site "Internet Chess Club"]
[Date "2018.04.15"]
[Round "4"]
[White "BrerRabbit"]
[Black "BrianWood"]
[Result "1/2-1/2"]
[WhiteElo "1458"]
[BlackElo "1487"]
[Opening "Queen's pawn, Mason variation"]
[ECO "D00"]
[Time "19:02:11"]
[TimeControl "2700+45"]

1. d4 d5 2. Bf4 Nf6 3. e3 c5 4. c3 Nc6 5. Nd2 Bf5 6. Ngf3 Qb6 7. Nh4 Bd7 8. Qb3
c4 9. Qxb6 axb6 10. Be2 h6 11. Nhf3 Ne4 12. Nxe4 dxe4 13. Nd2 b5 14. Nxe4 e6 15.
Bd6 Ne7 16. O-O Bc6 17. Nd2 Ng6 18. Bxf8 Nxf8 19. Rfb1 Nd7 20. b3 cxb3 21. axb3
Rxa1 22. Rxa1 O-O 23. Bf3 Rb8 24. Kf1 Nb6 25. Bxc6 bxc6 26. e4 Ra8 27. Rxa8+
Nxa8 {Game drawn by mutual agreement} 1/2-1/2

[Event "Team 45 45 League T76"]
[Site "Internet Chess Club"]
[Date "2018.04.15"]
[Round "4"]
[White "oldbookseller"]
[Black "bardu"]
[Result "1-0"]
[WhiteElo "986"]
[BlackElo "1300"]
[Opening "Queen's pawn: Yusupov-Rubinstein system"]
[ECO "A46"]
[Time "15:08:21"]
[TimeControl "2700+45"]

1. d4 Nf6 2. Nf3 e6 3. e3 c5 4. c3 b6 5. Bd3 Bb7 6. Nbd2 Be7 7. O-O O-O 8. h3
Nc6 9. e4 cxd4 10. cxd4 Nb4 11. Bb1 Rc8 12. e5 Nfd5 13. Qe1 Ba6 14. Qe4 Bxf1 15.
Qxh7# {Black checkmated} 1-0

[Event "Team 45 45 League T76"]
[Site "Internet Chess Club"]
[Date "2018.04.11"]
[Round "4"]
[White "QuieroAprender"]
[Black "joaoazm"]
[Result "0-1"]
[WhiteElo "1486"]
[BlackElo "1497"]
[Opening "Sicilian: Smith-Morra gambit"]
[ECO "B21"]
[Time "19:00:43"]
[TimeControl "2700+45"]

1. e4 c5 2. d4 cxd4 3. Qxd4 Nc6 4. Qa4 e6 5. Nf3 Bc5 6. c3 Qb6 7. Qc2 Nf6 8. b4
Bd6 9. Be3 Qd8 10. b5 Ne5 11. Nxe5 Bxe5 12. f4 Bc7 13. e5 Nd5 14. Bd2 d6 15. c4
Ne7 16. Bc3 dxe5 17. fxe5 Ng6 18. Qe4 Qg5 19. Nd2 Bxe5 20. Bxe5 Nxe5 21. Nf3
Nxf3+ 22. Qxf3 Qe5+ {White resigns} 0-1

[Event "Team 45 45 League T76"]
[Site "Internet Chess Club"]
[Date "2018.04.14"]
[Round "4"]
[White "guyd52"]
[Black "J-adoube"]
[Result "1-0"]
[WhiteElo "1283"]
[BlackElo "1181"]
[Opening "Réti opening"]
[ECO "A04"]
[Time "19:01:10"]
[TimeControl "2700+45"]

1. Nf3 d6 2. g3 Nf6 3. Bg2 g6 4. d3 Bg7 5. Nbd2 O-O 6. e4 e5 7. c3 c5 8. O-O Nc6
9. Nc4 Be6 10. Ne3 Qd7 11. Ng5 Ng4 12. Nxe6 Nxe3 13. Nxf8 Nxd1 14. Nxd7 Nxc3 15.
bxc3 Rd8 16. Bh3 h6 17. Rb1 b6 18. Nxb6 axb6 19. Rxb6 Ne7 20. Rb7 Kf8 21. Rd7
Ke8 22. Rxd8+ Kxd8 23. Bd2 d5 24. Rb1 Kc7 25. a4 dxe4 26. dxe4 Nc6 27. Bf1 f5
28. Bb5 Na5 29. Be8 Nc4 30. Be1 fxe4 31. Bxg6 e3 32. Bd3 exf2+ 33. Bxf2 Nd2 34.
Rb5 Nf3+ 35. Kg2 Nd2 36. Be3 e4 37. Bxd2 exd3 38. Rxc5+ Kb6 39. Rb5+ Ka6 40. Kf3
h5 41. Ke4 Bf6 42. Kxd3 Bg7 43. c4 Bf6 44. c5 h4 45. g4 Ka7 46. h3 Be5 47. c6
Bd6 48. Bg5 Bg3 49. Bd8 Bb8 50. c7 Bxc7 51. Bxc7 Ka6 52. g5 Ka7 53. g6 Ka6 54.
g7 Ka7 55. g8=Q Ka6 56. Qa8# {Black checkmated} 1-0

[Event "Team 45 45 League T76"]
[Site "Internet Chess Club"]
[Date "2018.04.13"]
[Round "4"]
[White "olivermx"]
[Black "pita"]
[Result "0-1"]
[WhiteElo "1249"]
[BlackElo "1218"]
[Opening "French defense"]
[ECO "C00"]
[Time "12:00:15"]
[TimeControl "2700+45"]

1. e4 e6 2. Nf3 d5 3. exd5 exd5 4. Bb5+ c6 5. Ba4 Qe7+ 6. Qe2 Qxe2+ 7. Kxe2 Bd6
8. h3 Nf6 9. Re1 O-O 10. Kf1 a5 11. c3 Bf5 12. d4 Nbd7 13. Be3 Nb6 14. Bd1 Nc4
15. b3 Nxe3+ 16. fxe3 Bg3 17. Be2 Bxe1 18. Nxe1 Rae8 19. Kf2 Bxb1 20. Rxb1 Ne4+
21. Kf3 Nd2+ {White resigns} 0-1

[Event "Team 45 45 League T76"]
[Site "Internet Chess Club"]
[Date "2018.04.11"]
[Round "4"]
[White "Balderdash"]
[Black "mongmong"]
[Result "0-1"]
[WhiteElo "1225"]
[BlackElo "1525"]
[Opening "French: advance, Nimzovich system"]
[ECO "C02"]
[Time "10:30:23"]
[TimeControl "2700+45"]

1. e4 e6 2. d4 d5 3. e5 c5 4. Nf3 Nc6 5. Bb5 Qb6 6. Bxc6+ bxc6 7. Nc3 Ba6 8. a3
cxd4 9. Nxd4 c5 10. Na4 Qc7 11. Nb3 Qxe5+ 12. Be3 c4 13. Nd4 Qc7 14. Nc3 Nf6 15.
O-O Be7 16. g3 O-O 17. Re1 Qb7 18. b4 cxb3 19. Nxb3 Qc6 20. Bd4 Bc4 21. Na5 Qc7
22. Nxc4 Qxc4 23. Qd3 Qxd3 24. cxd3 a6 25. a4 Nd7 26. Reb1 Rfb8 27. Kg2 e5 28.
Nxd5 exd4 29. Nxe7+ Kf8 30. Nf5 Ne5 31. Rd1 Rb4 32. a5 Rab8 33. f4 Nc6 34. Rdc1
Rb2+ 35. Kh3 Nb4 36. Nxd4 Nxd3 37. Nf3 Nxc1 38. Rxc1 f6 39. Rc6 Ra8 40. Nd4 Rb4
41. Ne6+ Kf7 42. Nc7 Ra7 43. Nxa6 Ra4 44. Nc5 R4xa5 45. Ne4 R5a6 46. Rc5 Re7 47.
Rc4 g6 48. Nc3 Raa7 49. Ne4 Rac7 50. Rb4 f5 51. Ng5+ Kg7 52. Nf3 Rb7 53. Rc4
Rec7 54. Rd4 Rc6 55. Ne5 Rcb6 56. Nd7 Rb2 57. Nc5 Re7 58. Rd6 Ree2 59. Ne6+ Kf7
60. Ng5+ Ke7 61. Re6+ Rxe6 62. Nxe6 Kxe6 63. g4 fxg4+ 64. Kxg4 Rxh2 65. Kg5 Rh5+
66. Kg4 Rf5 67. Kg3 Kd5 68. Kg4 Ke4 69. Kh4 Kxf4 70. Kh3 Kg5 71. Kg3 Rf4 72. Kh3
Rf3+ 73. Kg2 Ra3 74. Kh2 Kg4 75. Kg2 Ra2+ 76. Kh1 Kg3 77. Kg1 Ra1# {White
checkmated} 0-1

[Event "Team 45 45 League T76"]
[Site "Internet Chess Club"]
[Date "2018.04.15"]
[Round "4"]
[White "Toalla"]
[Black "pita"]
[Result "0-1"]
[WhiteElo "1237"]
[BlackElo "1236"]
[Opening "Sicilian: Taimanov variation"]
[ECO "B46"]
[Time "19:03:35"]
[TimeControl "2700+45"]

1. Nf3 c5 2. e4 Nc6 3. d4 cxd4 4. Nxd4 e6 5. Nc3 a6 6. Be2 Nge7 7. O-O Nxd4 8.
Qxd4 Nc6 9. Qd1 Bb4 10. a3 Bxc3 11. bxc3 Qf6 12. Bb2 Qe5 13. Bd3 d6 14. f4 Qc5+
15. Kh1 O-O 16. Rb1 Na5 17. Qe2 b5 18. Bc1 Qxc3 19. Qd2 Qc7 20. f5 Nc4 21. Qf4
Qc5 22. f6 Nxa3 23. Rf3 Ra7 24. e5 Qxe5 25. Bxh7+ Kh8 26. fxg7+ Qxg7 27. Rh3
Nxb1 28. Be4+ Kg8 29. Rg3 f5 30. Rxg7+ Rxg7 31. Bf3 Nc3 32. Qxd6 Ne4 33. Bh6
Nxd6 {White resigns} 0-1

[Event "Team 45 45 League T76"]
[Site "Internet Chess Club"]
[Date "2018.04.18"]
[Round "4"]
[White "tilletio"]
[Black "Just-Jim"]
[Result "0-1"]
[WhiteElo "1163"]
[BlackElo "1151"]
[Opening "Queen's pawn, Mason variation"]
[ECO "D00"]
[Time "11:00:14"]
[TimeControl "2700+45"]

1. d4 d5 2. Bf4 e6 3. Nf3 h6 4. e3 a6 5. Bd3 Nf6 6. Nbd2 Bd6 7. Bg3 Bxg3 8. hxg3
Nc6 9. c3 Bd7 10. Qc2 Qe7 11. Nb3 e5 12. dxe5 Nxe5 13. O-O-O Neg4 14. Rde1 O-O-O
15. Nfd4 Ne4 16. Qe2 Qd6 17. Ref1 Ngxf2 18. Rxf2 Nxf2 19. Qxf2 f6 20. Na5 Qb6
21. Ndb3 Rde8 22. Re1 Re7 23. c4 Rhe8 24. c5 Qb4 25. Bg6 Rf8 26. Qf4 Qxe1+ 27.
Kc2 Rxe3 28. Qb4 Qxb4 {White resigns} 0-1